 Dungeon Crawl Stone Soup version 0.27.1 (webtiles) character file.

Game seed: 13976303207105043669

452 Kinoniko the Ruffian (level 6, -1/59 HPs)
             Began as a Troll Monk on Aug 31, 2021.
             Slain by an acid dragon (13 damage)
             ... on level 5 of the Dungeon.
             The game lasted 00:03:18 (3442 turns).

Kinoniko the Ruffian (Troll Monk)                   Turns: 3442, Time: 00:03:18

Health: -1/59      AC:  1    Str: 21    XL:     6   Next: 75%
Magic:  5/5        EV: 11    Int:  6    God:
Gold:   160        SH:  0    Dex: 13    Spells: 5/5 levels left

rFire    . . .     SeeInvis .     - Unarmed
rCold    . . .     Faith    .   (no shield)
rNeg     . . .     Spirit   .   a - +1 robe
rPois    .         Reflect  .   (helmet restricted)
rElec    .         Harm     .   (no cloak)
rCorr    .         Rampage  .   (gloves unavailable)
Will     .....                  (boots unavailable)
Stlth    ++........             (no amulet)
HPRegen  1.19/turn              (no ring)
MPRegen  0.09/turn              (no ring)

@: corroded
A: large, unfitting armour, claws 3, regeneration 1, shaggy fur 1, tough skin 1
a: no special abilities


You were on level 5 of the Dungeon.
You visited 2 branches of the dungeon, and saw 6 of its levels.

You collected 160 gold pieces.

Inventory:

Armour
 a - a +1 robe (worn)
Jewellery
 i - a ring of magical power
Wands
 f - a wand of polymorph (9)
 m - a wand of acid (7)
Scrolls
 b - a scroll of amnesia
 h - a scroll of torment
 l - a scroll of identify
 n - 3 scrolls of summoning {unknown}
Potions
 c - 2 potions of brilliance {unknown}
 d - a potion of attraction {unknown}
 e - 3 potions of resistance {unknown}
 g - 4 potions of curing {unknown}
 j - a potion of ambrosia {unknown}
 k - a potion of degeneration {unknown}
 o - a potion of berserk rage {unknown}


   Skills:
 - Level 2.4 Fighting
 + Level 4.1 Dodging
 - Level 1.0 Stealth
 * Level 6.5 Unarmed Combat


You had 5 spell levels left.
You didn't know any spells.
Your spell library contained the following spells:

 Spells                   Type           Power      Damage    Failure   Level
 Shock                    Conj/Air       0%         1d3       45%         1
 Swiftness                Air            0%         N/A       83%         3
 Airstrike                Air            0%         N/A       99%         4


Dungeon Overview and Level Annotations

Branches:
Dungeon (5/15)             Temple (1/1) D:4

Altars:
Cheibriados
Dithmenos
Fedhas
Gozag
Hepliaklqana
Makhleb
Nemelex Xobeh
Qazlal
Ru
Sif Muna
Vehumet
Wu Jian
Xom
Zin

Shops:
D:1 [


Innate Abilities, Weirdness & Mutations

You are too large for most types of armour.
You have claws for hands.
Your natural rate of healing is unusually fast.
You are covered in fur. (AC +1)
You have tough skin. (AC +1)


Message History

An acid dragon comes into view.
The acid dragon roars!
The acid dragon spits acid at you. The splash of acid hits you!
You are splashed with acid!
You scratch the acid dragon.
The acid dragon is lightly wounded.
A hound comes into view.
The acid dragon bites you. The acid dragon closely misses you.
The hound barks!
You claw the acid dragon!
The acid dragon is heavily wounded.
The acid dragon bites you but does no damage.
The acid dragon claws you.
You are too injured to fight recklessly!
You are too injured to fight recklessly!
You are too injured to fight recklessly!
You closely miss the acid dragon.
The acid dragon is heavily wounded.
You scratch the acid dragon but do no damage.
The acid dragon is heavily wounded.
The acid dragon spits acid at you. The splash of acid hits you.
The acid corrodes you!
You are splashed with acid!
* * * LOW HITPOINT WARNING * * *
You claw the acid dragon!
You claw the acid dragon, but do no damage.
The acid dragon is almost dead.
The acid dragon barely misses you. The acid dragon closely misses you.
Unknown command.
You closely miss the acid dragon.
The acid dragon is almost dead.
The hound closely misses you. The acid dragon barely misses you.
The acid dragon claws you.
* * * LOW HITPOINT WARNING * * *
Unknown command.
You scratch the acid dragon but do no damage.
The acid dragon is almost dead.
The hound bites you.
* * * LOW HITPOINT WARNING * * *
The acid dragon bites you!
You die...

######
##.......... #
#.............##
##..............#
#...............#
#................
#................
##...............
###.............
##....@D......
#.....h......
#..##........
#..#####.....
....# ###..
.....# . .......
....... ........


You could see an acid dragon (catching breath) and a hound.

Vanquished Creatures
  3 wights (D:4)
  A centaur zombie (D:5)
  2 hounds
  An orc priest (D:4)
  Terence (D:2)
  An iguana (D:4)
  4 gnolls (D:2)
  5 adders
  An ufetubus (D:5)
  3 dart slugs
  4 orcs (D:4)
  5 endoplasms
  5 giant cockroaches
  3 hobgoblins
  4 jackals (D:2)
  6 kobolds
  3 quokkas (D:1)
  4 ball pythons
  10 bats
  3 frilled lizards
  2 goblins
71 creatures vanquished.

Notes
Turn   | Place    | Note
-------+----------+-------------------------------------------
     0 | D:1      | Kinoniko the Troll Monk began the quest for the Orb.
     0 | D:1      | Reached XP level 1. HP: 22/22 MP: 0/0
    62 | D:1      | Found Yzoudymaa's Antique Armour Boutique.
   146 | D:1      | Reached XP level 2. HP: 29/29 MP: 1/1
   535 | D:1      | Found a faded altar of an unknown god.
   762 | D:2      | Reached XP level 3. HP: 36/36 MP: 2/2
   793 | D:2      | Reached skill level 4 in Unarmed Combat
   830 | D:2      | Reached XP level 4. HP: 44/44 MP: 3/3
   842 | D:2      | Noticed Terence
   855 | D:2      | Killed Terence
  1065 | D:2      | Reached skill level 5 in Unarmed Combat
  1296 | D:2      | Reached XP level 5. HP: 48/50 MP: 4/4
  1567 | D:3      | Found a glowing silver altar of Zin.
  2624 | D:4      | Reached XP level 6. HP: 48/59 MP: 5/5
  2626 | D:4      | Reached skill level 6 in Unarmed Combat
  2743 | D:4      | Found a staircase to the Ecumenical Temple.
  2787 | Temple   | Entered the Ecumenical Temple
  3068 | D:5      | Entered Level 5 of the Dungeon
  3432 | D:5      | Noticed an acid dragon
  3442 | D:5      | Slain by an acid dragon

Illustrated notes

Levels and vault maps discovered:
D:1:      heliophobic_arrival_ceremonial_halls, layout_basic,
          ebering_ecumenical_altar_petrified, serial_shops, shop,
          columned_hall_lemuel, roderic_roman_lattice
D:2:      layout_loops_ring, uniq_terence
D:3:      layout_basic, marbit_many_paths, serial_rivers,
          chequers_serial_rivers_marsh, chequers_serial_rivers_micro_e,
          chequers_serial_rivers_small_b, chequers_serial_rivers_micro_a,
          chequers_serial_rivers_large_b
D:4:      layout_rooms, minmay_temple_entry_enclosed_plants, nrook_uturn,
          minmay_misc_feat_cross, minmay_statues_item
D:5:      layout_cave_pods, nicolae_yredelemnul_corpse_copse, eino_tiny_chamber
Temple:   dshaligram_water_room_temple

Skill      XL: |  1  2  3  4  5  6 |
---------------+-------------------+-----
Unarmed Combat | 4 5 6 |  6.5
Dodging        | 3 4 |  4.1
Fighting       | |  2.4
Stealth        | |  1.0

Action                   |  1- 3 |  4- 6 || total
-------------------------+-------+-------++-------
Melee: Unarmed           |    59 |   121 ||   180
       Punch             |     1 |     3 ||     4
  Use: Scroll            |       |     4 ||     4
 Stab: Sleeping          |     2 |     3 ||     5
       Distracted        |       |     1 ||     1
Armor: Robe              |    24 |    32 ||    56
Dodge: Dodged            |    32 |    57 ||    89
